 Dungeon Crawl Stone Soup version 0.29-a0-321-gf1c400731a (webtiles) character file.

Game seed: 16098712647826354622

20 HotDog the Skirmisher (level 2, -2/19 HPs)
             Began as a Gargoyle Fighter on Apr 5, 2022.
             Killed from afar by Natasha (6 damage)
             ... with a magic dart
             ... on level 2 of the Dungeon.
             The game lasted 00:00:53 (1005 turns).

HotDog the Skirmisher (Gargoyle Fighter)            Turns: 1005, Time: 00:00:54

Health: -2/19      AC: 12    Str: 19    XL:     2   Next: 79%
Magic:  2/2        EV:  9    Int:  8    God:
Gold:   52         SH:  4    Dex:  9    Spells: 1/1 levels left

rFire   . . .      SeeInvis .   a - +0 flail (elec)
rCold   . . .      Faith    .   c - +0 buckler
rNeg    + . .      Spirit   .   b - +0 scale mail
rPois   ∞          Reflect  .   h - +0 helmet
rElec   +          Harm     .   f - +0 cloak
rCorr   .          Rampage  .   (no gloves)
Will    .....                   (no boots)
Stlth   ..........              (no amulet)
HPRegen 0.06/turn               (no ring)
MPRegen 0.08/turn               (no ring)

@: no status effects
A: sickness immunity, AC +2, negative energy resistance 1, electricity
resistance, torment resistance 1, petrification resistance
a: no special abilities


You were on level 2 of the Dungeon.
You visited 1 branch of the dungeon, and saw 2 of its levels.

You collected 52 gold pieces.

Inventory:

Hand Weapons
 a - a +0 flail of electrocution (weapon)
Missiles
 e - 41 stones (quivered)
Armour
 b - a +0 scale mail (worn)
 c - a +0 buckler (worn)
 f - a +0 cloak (worn)
 h - a +0 helmet (worn)
Scrolls
 i - a scroll of identify {unknown}
 j - a scroll of acquirement {unknown}
Potions
 d - a potion of might
 g - a potion of berserk rage {unknown}


   Skills:
 * Level 3.5 Fighting
 * Level 2.1 Maces & Flails
 * Level 3.5 Armour
 * Level 0.2 Dodging
 * Level 3.5 Shields
 * Level 0.5 Invocations


You had one spell level left.
You didn't know any spells.
Your spell library was empty.

Dungeon Overview and Level Annotations

Branches:
Dungeon (2/15)

Altars:

Annotations:
D:2 Natasha


Innate Abilities, Weirdness & Mutations

You are immune to sickness and miasma.
Your stone body is resilient. (AC +2)
You are immune to poison.
You resist negative energy. (rN+)
You are resistant to electric shocks. (rElec)
You are resistant to unholy torment.
You are immune to petrification.


Message History

The endoplasm freezes you.
You are frozen.
You hit the endoplasm.
You kill the endoplasm!
No target in view!
No target in view!
No target in view!
No target in view!
No target in view!
HP restored.
There is a stone staircase leading down here.
You now have 52 gold pieces (gained 12).
Natasha, Servant of Life and Death comes into view.
Natasha hisses angrily.
Natasha is nearby!
Natasha is nearby!
Natasha drinks a potion.
Natasha seems to speed up.
You block Natasha's attack.
You barely miss Natasha.
Natasha claws you but does no damage. x2
You barely miss Natasha. Natasha claws you but does no damage.
Natasha claws you.
You completely miss Natasha. You block Natasha's attack. Natasha claws you.
You thump Natasha!
Natasha is almost dead.
Natasha claws you but does no damage. x2
You barely miss Natasha.
Natasha is almost dead.
Natasha stares at you and mumbles some strange words.
The magic dart hits you!
* * * LOW HITPOINT WARNING * * *
Natasha claws you but does no damage.
You barely miss Natasha.
Natasha is almost dead.
Natasha closely misses you. Natasha claws you but does no damage.
You closely miss Natasha.
Natasha is almost dead.
Natasha claws you but does no damage. Natasha casts a spell at you.
The magic dart hits you.
You die...

#.# ###...#.#
#######.# ........#
........> ........#
#######.# ........#
##.# ........# #..#
........####
######.##
#..........#
#......#
#.?h@...#####.######
.................#
...........#######
.............
.###.......###
#.......# ####.####
#.. ##


You could see Natasha (fast).

Vanquished Creatures
  2 ball pythons (D:1)
  4 bats (D:1)
  2 endoplasms
  A giant cockroach (D:1)
  2 goblins (D:1)
  2 hobgoblins (D:1)
  A kobold (D:1)
  A quokka (D:1)
  3 frilled lizards (D:1)
  A rat (D:1)
19 creatures vanquished.

Notes
Turn   | Place    | Note
-------+----------+-------------------------------------------
     0 | D:1      | HotDog the Gargoyle Fighter began the quest for the Orb.
     0 | D:1      | Reached XP level 1. HP: 14/14 MP: 1/1
   121 | D:1      | Reached XP level 2. HP: 13/19 MP: 2/2
   995 | D:2      | Noticed Natasha
  1005 | D:2      | Killed from afar by Natasha

Illustrated notes

Levels and vault maps discovered:
D:1:      lemuel_arrival_river_ford, layout_loops_ring, minmay_tetromino_t4
D:2:      layout_rooms, basic_altar, dreamdust_ecumenical_altar_sealed_demon,
          uniq_natasha

Action                   || total
-------------------------++-------
Melee: Flail             ||    69
  Use: Scroll            ||     2
Armor: Scale mail        ||    49
Dodge: Dodged            ||    35
Block: Buckler           ||    22

Table legend: (Time is in decaauts)
 A = Elapsed time spent in this place.
 B = Non-inter-level travel time spent in this place.
 C = Inter-level travel time spent in this place.
 D = Time resting spent in this place.
 E = Time spent auto-exploring this place.
 F = Levels seen in this place.
 G = Mean time per level.
                   A        B        C        D        E       F      G
               +--------+--------+--------+--------+--------+-----+--------+
         Total |   1032 |   1023 |      9 |      0 |    836 |   2 |  516.0 |
       Dungeon |   1032 |   1023 |      9 |      0 |    836 |   2 |  516.0 |
               +--------+--------+--------+--------+--------+-----+--------+

Top non-repeatable levels by time:
     D:1: 893 daAuts
     D:2: 139 daAuts
